IL
ROCHESTER RED WINGS @ DURHAM BULLS
08/18/2045
 
TOP OF THE 1ST
Rochester Red Wings batting - Pitching for Durham Bulls : RHP Steve Barrett
Pitching: RHP Steve Barrett
Batting: RHB J.J. Powers 0-0: Ball
1-0: Ball
2-0: Ball
3-0: Base on Balls
Batting: RHB Josh Zoglmann 0-0: Called Strike
0-1: Ball
1-1: Fly out, F9 (Flyball, 9LD, EV 89.4 MPH)
Batting: LHB Matt Patnaude 0-0: Called Strike
0-1: Called Strike
J.J. Powers steals 2nd base
0-2: Strikes out looking
Batting: LHB Armando Rendon 0-0: Ball
1-0: Ball
2-0: Ground out U3 (Groundball, 3, EV 100.6 MPH)
Top of the 1st over - 0 runs, 0 hits, 0 errors, 1 left on base; Rochester 0 - Durham 0
BOTTOM OF THE 1ST
Durham Bulls batting - Pitching for Rochester Red Wings : RHP Mike Ferry
Pitching: RHP Mike Ferry
Batting: LHB Davion Lewis 0-0: Foul Ball, location: 2F
0-1: Foul Ball, location: 2F
0-2: SINGLE (Groundball, 34D, EV 107.5 MPH)
Batting: RHB Jesse Basich 0-0: Called Strike
Davion Lewis steals 2nd base
0-1: Foul Ball, location: 2F
0-2: Foul Ball, location: 2F
0-2: Ball
1-2: Ball
2-2: Fly out, F8 (Flyball, 8LD, EV 77.5 MPH)
Batting: RHB Jeff Brower 0-0: Ball
1-0: SINGLE (Groundball, 34S, EV 65.0 MPH) (infield hit)
Davion Lewis to third
Batting: RHB Steve French 0-0: Called Strike
0-1: Ball
1-1: Ball
2-1: Ball
3-1: Base on Balls
Jeff Brower to second
Batting: RHB Danny Diaz 0-0: SINGLE (Line Drive, 56, EV 107.5 MPH)
Davion Lewis scores
Jeff Brower to third
Steve French to second
Batting: LHB David Seminario 0-0: Ball
1-0: Ball
2-0: Ball
3-0: Called Strike
3-1: Foul Ball, location: 2F
3-2: DOUBLE (Line Drive, 9LS, EV 92.5 MPH)
Jeff Brower scores
Steve French scores
Danny Diaz to third
Runner from 3rd tries for Home, SAFE, no throw by RF
Batting: SHB Willie Koviak 0-0: Fly out, F7 (Flyball, 78S, EV 89.4 MPH)
Batting: LHB Danny Hull 0-0: Ball
1-0: Called Strike
1-1: Fly out, F6 (Line Drive, 6, EV 63.8 MPH)
Bottom of the 1st over - 4 runs, 4 hits, 0 errors, 1 left on base; Rochester 0 - Durham 4
TOP OF THE 2ND
Rochester Red Wings batting - Pitching for Durham Bulls : RHP Steve Barrett
Batting: SHB Aaron Tatar 0-0: Foul Ball, location: 2F
0-1: Ball
1-1: Swinging Strike
1-2: Foul Ball, location: 2F
1-2: Foul Ball, location: 2F
1-2: Hit by Pitch
Batting: RHB Eric Narrow 0-0: Ball
1-0: Ball
2-0: Ball
3-0: Called Strike
3-1: Foul Ball, location: 2F
3-2: Foul Ball, location: 2F
3-2: SINGLE (Line Drive, 78S, EV 106.9 MPH)
Aaron Tatar to second
Batting: RHB Cesar Yega 0-0: Called Strike
0-1: Fly out, F7 (Flyball, 78S, EV 86.9 MPH)
Batting: SHB Kamiel Akkerman 0-0: Called Strike
0-1: Ball
1-1: Foul Ball, location: 2F
1-2: Foul Ball, location: 2F
1-2: Foul Ball, location: 2F
1-2: Strikes out looking
Batting: RHB Alvin Wiederhold 0-0: Swinging Strike
0-1: Foul Ball, location: 2F
0-2: Ball
1-2: Ball
2-2: Strikes out swinging
Top of the 2nd over - 0 runs, 1 hit, 0 errors, 2 left on base; Rochester 0 - Durham 4
BOTTOM OF THE 2ND
Durham Bulls batting - Pitching for Rochester Red Wings : RHP Mike Ferry
Pitching: LHP Pete Zamarron
Batting: LHB Angel Ruvalcaba 0-0: SINGLE (Groundball, 15S, EV 60.6 MPH) (infield hit)
Batting: LHB Davion Lewis 0-0: Ball
1-0: Ball
2-0: Fielders Choice at 2nd, 4-6 (Groundball, 4, EV 81.9 MPH)
Batting: RHB Jesse Basich 0-0: Fly out, F1 (Line Drive, P, EV 66.2 MPH)
Lined into DP, 1-3 (Line Drive, P, EV 69.4 MPH)
Bottom of the 2nd over - 0 runs, 1 hit, 0 errors, 0 left on base; Rochester 0 - Durham 4
TOP OF THE 3RD
Rochester Red Wings batting - Pitching for Durham Bulls : RHP Steve Barrett
Batting: RHB J.J. Powers 0-0: Ball
1-0: Foul Ball, location: 2F
1-1: Foul Ball, location: 2F
1-2: SINGLE (Line Drive, 34D, EV 101.2 MPH)
Batting: RHB Josh Zoglmann 0-0: Called Strike
J.J. Powers steals 2nd base
0-1: Ball
1-1: Foul Ball, location: 2F
1-2: Foul Ball, location: 2F
1-2: Fly out, F8 (Flyball, 8LXD, EV 100.0 MPH)
Runner from 2nd tags up, SAFE at 3rd, no throw by CF
Batting: LHB Matt Patnaude 0-0: Ball
1-0: Called Strike
1-1: Foul Ball, location: 2F
1-2: SINGLE (Line Drive, 9S, EV 105.6 MPH)
J.J. Powers scores
Batting: LHB Armando Rendon 0-0: Ball
1-0: Foul Ball, location: 2F
1-1: Ball
2-1: Foul Ball, location: 2F
2-2: Ball
3-2: Foul Ball, location: 2F
3-2: Foul Ball, location: 2F
3-2: Base on Balls
Matt Patnaude to second
Batting: SHB Aaron Tatar 0-0: Fielders Choice at 2nd, 3-6 (Groundball, 34, EV 98.1 MPH)
Matt Patnaude to third
Batting: RHB Eric Narrow 0-0: Ball
1-0: Swinging Strike
1-1: Foul Ball, location: 2F
1-2: Ball
2-2: Strikes out swinging
Top of the 3rd over - 1 run, 2 hits, 0 errors, 2 left on base; Rochester 1 - Durham 4
BOTTOM OF THE 3RD
Durham Bulls batting - Pitching for Rochester Red Wings : LHP Pete Zamarron
Batting: RHB Jeff Brower 0-0: Foul Ball, location: 2F
0-1: Ball
1-1: Foul Ball, location: 2F
1-2: Strikes out looking
Batting: RHB Steve French 0-0: Ball
1-0: Ball
2-0: Ball
3-0: Called Strike
3-1: Swinging Strike
3-2: Base on Balls
Batting: RHB Danny Diaz 0-0: Foul Ball, location: 2F
0-1: Ball
1-1: Ball
2-1: Foul Ball, location: 2F
2-2: Foul Ball, location: 2F
2-2: Fielders Choice at 2nd, 6-4 (Groundball, 56D, EV 108.8 MPH)
Batting: LHB David Seminario 0-0: Ball
Danny Diaz steals 2nd base (no throw)
1-0: SINGLE (Groundball, P, EV 81.2 MPH) (infield hit)
Danny Diaz to third
Batting: SHB Willie Koviak 0-0: Called Strike
0-1: Called Strike
0-2: Ball
1-2: Foul Ball, location: 2F
1-2: Ball
2-2: Ball
3-2: Foul Ball, location: 2F
3-2: Ground out 5-3 (Groundball, 5S, EV 87.5 MPH)
Bottom of the 3rd over - 0 runs, 1 hit, 0 errors, 2 left on base; Rochester 1 - Durham 4
TOP OF THE 4TH
Rochester Red Wings batting - Pitching for Durham Bulls : RHP Steve Barrett
Batting: RHB Cesar Yega 0-0: Called Strike
0-1: Swinging Strike
0-2: Ball
1-2: Ball
2-2: Ball
3-2: Strikes out looking
Batting: SHB Kamiel Akkerman 0-0: Foul Ball, location: 2F
0-1: Foul Ball, location: 2F
0-2: Foul Ball, location: 2F
0-2: Strikes out swinging
Batting: RHB Alvin Wiederhold 0-0: Ground out 5-3 (Groundball, 56S, EV 92.5 MPH)
Top of the 4th over - 0 runs, 0 hits, 0 errors, 0 left on base; Rochester 1 - Durham 4
BOTTOM OF THE 4TH
Durham Bulls batting - Pitching for Rochester Red Wings : LHP Pete Zamarron
Batting: LHB Danny Hull 0-0: Fly out, F8 (Flyball, 78M, EV 78.1 MPH)
Batting: LHB Angel Ruvalcaba 0-0: Called Strike
0-1: Ground out 1-3 (Groundball, 15S, EV 69.4 MPH)
Batting: LHB Davion Lewis 0-0: Ball
1-0: Ball
2-0: Ball
3-0: Called Strike
3-1: Ground out U3 (Groundball, 3, EV 98.1 MPH)
Bottom of the 4th over - 0 runs, 0 hits, 0 errors, 0 left on base; Rochester 1 - Durham 4
TOP OF THE 5TH
Rochester Red Wings batting - Pitching for Durham Bulls : RHP Steve Barrett
Batting: RHB J.J. Powers 0-0: Foul Ball, location: 2F
0-1: Swinging Strike
0-2: Ball
1-2: Ball
2-2: Foul Ball, location: 2F
2-2: Ground out 6-3 (Groundball, 6, EV 109.4 MPH)
Batting: RHB Josh Zoglmann 0-0: Ball
1-0: Swinging Strike
1-1: Ball
2-1: Ball
3-1: Base on Balls
Batting: LHB Matt Patnaude 0-0: Called Strike
0-1: Swinging Strike
0-2: Ball
1-2: Strikes out swinging
Batting: LHB Armando Rendon 0-0: Ball
Josh Zoglmann steals 2nd base
1-0: Swinging Strike
1-1: Foul Ball, location: 2F
1-2: Ball
2-2: Foul Ball, location: 2F
2-2: Foul Ball, location: 2F
2-2: Foul Ball, location: 2F
2-2: Strikes out swinging
Top of the 5th over - 0 runs, 0 hits, 0 errors, 1 left on base; Rochester 1 - Durham 4
BOTTOM OF THE 5TH
Durham Bulls batting - Pitching for Rochester Red Wings : LHP Pete Zamarron
Batting: RHB Jesse Basich 0-0: Called Strike
0-1: Ball
1-1: Ball
2-1: Called Strike
2-2: Foul Ball, location: 2F
2-2: Ball
3-2: Foul Ball, location: 2F
3-2: Ground out 6-3 (Groundball, 56D, EV 97.5 MPH)
Batting: RHB Jeff Brower 0-0: Ball
1-0: Ball
2-0: Ball
3-0: Base on Balls
Pitching: LHP Angel Vidaurri
Batting: RHB Steve French 0-0: Ball
1-0: Called Strike
1-1: Grounds into double play, 4-6-3 (Groundball, 4, EV 85.6 MPH)
Bottom of the 5th over - 0 runs, 0 hits, 0 errors, 0 left on base; Rochester 1 - Durham 4
TOP OF THE 6TH
Rochester Red Wings batting - Pitching for Durham Bulls : RHP Steve Barrett
Batting: SHB Aaron Tatar 0-0: Ball
1-0: Ball
2-0: Ground out 6-3 (Groundball, 4D, EV 101.2 MPH)
Batting: RHB Eric Narrow 0-0: Foul Ball, location: 2F
0-1: Ball
1-1: Foul Ball, location: 2F
1-2: Foul Ball, location: 2F
1-2: Ground out U3 (Groundball, 3, EV 88.8 MPH)
Batting: RHB Cesar Yega 0-0: Called Strike
0-1: Ball
1-1: Called Strike
1-2: Strikes out swinging
Top of the 6th over - 0 runs, 0 hits, 0 errors, 0 left on base; Rochester 1 - Durham 4
BOTTOM OF THE 6TH
Durham Bulls batting - Pitching for Rochester Red Wings : LHP Angel Vidaurri
Batting: RHB Danny Diaz 0-0: Foul Ball, location: 2F
0-1: Ball
1-1: Fly out, F8 (Flyball, 78XD, EV 85.6 MPH)
Batting: LHB David Seminario 0-0: Ball
1-0: Foul Ball, location: 2F
1-1: Called Strike
1-2: Strikes out swinging, 2-3 out at first.
Batting: SHB Willie Koviak 0-0: Ground out 4-3 (Groundball, 4S, EV 56.9 MPH)
Bottom of the 6th over - 0 runs, 0 hits, 0 errors, 0 left on base; Rochester 1 - Durham 4
TOP OF THE 7TH
Rochester Red Wings batting - Pitching for Durham Bulls : RHP Steve Barrett
Pitching: LHP T.J. Epley
Batting: SHB Kamiel Akkerman 0-0: Called Strike
0-1: Ball
1-1: Ball
2-1: Swinging Strike
2-2: Strikes out looking
Batting: RHB Alvin Wiederhold 0-0: Swinging Strike
0-1: Called Strike
0-2: Strikes out looking
Batting: RHB J.J. Powers 0-0: TRIPLE (Flyball, 89XD, EV 95.0 MPH)
Batting: RHB Josh Zoglmann 0-0: Ball
1-0: Ground out 6-3 (Groundball, 56, EV 105.0 MPH)
Top of the 7th over - 0 runs, 1 hit, 0 errors, 1 left on base; Rochester 1 - Durham 4
BOTTOM OF THE 7TH
Durham Bulls batting - Pitching for Rochester Red Wings : LHP Angel Vidaurri
Batting: LHB Danny Hull 0-0: Ball
1-0: Foul Ball, location: 2F
1-1: Foul Ball, location: 2F
1-2: Fly out, F9 (Flyball, 9LD, EV 91.2 MPH)
Batting: LHB Angel Ruvalcaba 0-0: Ball
1-0: Foul Ball, location: 2F
1-1: Ball
2-1: Ball
3-1: Foul Ball, location: 2F
3-2: Base on Balls
Batting: LHB Davion Lewis 0-0: Ball
Pickoff Throw to First - Error! E1
Angel Ruvalcaba to second
1-0: Called Strike
Angel Ruvalcaba steals 3rd base
1-1: Ball
2-1: Ball
3-1: Fly out, F8 (Flyball, 8LS, EV 83.1 MPH)
Pitching: LHP Inkei Wakamatsu
Batting: RHB Jesse Basich 0-0: Ball
1-0: Swinging Strike
1-1: Swinging Strike
1-2: Ground out 5-3 (Groundball, 56S, EV 61.2 MPH)
Bottom of the 7th over - 0 runs, 0 hits, 1 error, 1 left on base; Rochester 1 - Durham 4
TOP OF THE 8TH
Rochester Red Wings batting - Pitching for Durham Bulls : LHP T.J. Epley
Batting: LHB Matt Patnaude 0-0: Called Strike
0-1: Ball
1-1: Fly out, F8 (Flyball, 8RD, EV 91.9 MPH)
Batting: LHB Armando Rendon 0-0: Called Strike
0-1: Ball
1-1: Foul Ball, location: 2F
1-2: Ball
2-2: Ball
3-2: Strikes out swinging
Batting: SHB Aaron Tatar 0-0: Ball
1-0: Called Strike
1-1: Foul Ball, location: 2F
1-2: Foul Ball, location: 2F
1-2: Ball
2-2: Foul Ball, location: 2F
2-2: Fly out, F7 (Flyball, 7LM, EV 88.1 MPH)
Top of the 8th over - 0 runs, 0 hits, 0 errors, 0 left on base; Rochester 1 - Durham 4
BOTTOM OF THE 8TH
Durham Bulls batting - Pitching for Rochester Red Wings : LHP Inkei Wakamatsu
Batting: RHB Jeff Brower 0-0: Ball
1-0: Foul Ball, location: 2F
1-1: Swinging Strike
1-2: Strikes out swinging
Batting: RHB Steve French 0-0: Called Strike
0-1: Ball
1-1: Called Strike
1-2: Ball
2-2: Ground out 6-3 (Groundball, 56, EV 99.4 MPH)
Batting: RHB Danny Diaz 0-0: Called Strike
0-1: Called Strike
0-2: Ball
1-2: Foul Ball, location: 2F
1-2: SINGLE (Groundball, P, EV 82.5 MPH) (infield hit)
Batting: LHB David Seminario 0-0: Called Strike
0-1: SINGLE (Groundball, 56D, EV 101.2 MPH)
Danny Diaz to second
Pitching: RHP Antonio Alcaraz
Batting: SHB Willie Koviak 0-0: Ball
1-0: Ball
2-0: Called Strike
2-1: Fly out, F8 (Flyball, 78D, EV 97.5 MPH)
Bottom of the 8th over - 0 runs, 2 hits, 0 errors, 2 left on base; Rochester 1 - Durham 4
TOP OF THE 9TH
Rochester Red Wings batting - Pitching for Durham Bulls : LHP T.J. Epley
Pitching: RHP Justin Stone
Batting: RHB Eric Narrow 0-0: Ball
1-0: Ball
2-0: Called Strike
2-1: Ball
3-1: Swinging Strike
3-2: Foul Ball, location: 2F
3-2: Strikes out swinging
Pinch Hitting: LHB Steve Roepke 0-0: Foul Ball, location: 2F
0-1: Ball
1-1: Ball
2-1: Fly out, F8 (Line Drive, 8LM, EV 90.0 MPH)
Batting: SHB Kamiel Akkerman 0-0: Ball
1-0: Foul Ball, location: 2F
1-1: Foul Ball, location: 2F
1-2: Strikes out swinging
Top of the 9th over - 0 runs, 0 hits, 0 errors, 0 left on base; Rochester 1 - Durham 4
Wednesday, June 22nd , 2022 - OOTP Baseball 23.4 Build 64